 Dungeon Crawl Stone Soup version 0.30-a0-691-g754fce4c43 (webtiles) character file.

Game seed: 16746317697482980787

477027 cforsyth the Black Belt (level 23, -21/154 (181) HPs)
             Began as a Demonspawn Summoner on Jan 19, 2023.
             Was a Priest of Jiyva.
             Demolished by Josephina
             ... wielding a staff of cold
              (55 damage)
             ... on level 3 of the Crypt on Jan 20, 2023.
             The game lasted 04:06:10 (92533 turns).

cforsyth the Black Belt (Demonspawn Summoner)      Turns: 92533, Time: 04:06:11

HP:   -21/154 (181) AC: 20    Str: 10    XL:     23   Next: 64%
MP:   30/41         EV: 28    Int: 27    God:    Jiyva [***...]
Gold: 8627          SH:  5    Dex: 11    Spells: 11/50 levels left

rFire   . . .      SeeInvis .      - Unarmed
rCold   . . .      Faith    .    (shield currently unavailable)
rNeg    . . .      Spirit   .    (body armour currently unavailable)
rPois   ∞          Reflect  +    (helmet currently unavailable)
rElec   +          Harm     .    (cloak unavailable)
rCorr   +          Rampage  .    (gloves currently unavailable)
Will    ++...                    (boots currently unavailable)
Stlth   ++                       n - amulet of reflection
HPRegen 1.57/turn                B - ring of willpower
MPRegen 0.62/turn                d - ring of resist corrosion

@: storm-form, flying, studying 2 skills, heavily drained
A: cleaving, insubstantial, flying, demonic guardian 2, (spiny 3), (sturdy frame
2), bedeviling, (weakness stinger 3), clumsy 1
}: 2/15 runes: decaying, serpentine
a: Blinkbolt, End Transformation, Renounce Religion, Oozemancy


You were on level 3 of the Crypt.
You worshipped Jiyva.
Jiyva was most pleased with you.
You were a lightning-filled tempest!
You visited 10 branches of the dungeon, and saw 46 of its levels.
You also visited: Ossuary, Ice Cave and Volcano.

You collected 22332 gold pieces.
You spent 4418 gold pieces at shops.
You paid 9287 gold pieces to Gozag.

Inventory:

Hand Weapons
 p - the +6 spear of Lourch (melded) {flame, rC+ rN+ Int+3 Dex-5}
   (You found it on level 3 of the Elven Halls)

   Int:       It affects your intelligence (+3).
   Dex:       It affects your dexterity (-5).
   rC:        It protects you from cold.
   rN:        It protects you from negative energy.
Missiles
 Y - a throwing net
Armour
 F - a +2 robe of resistance
 I - the +3 pair of mountain boots (melded) {steadfast, rC+}
   (You bought it in a shop on level 1 of the Dungeon)

   Steadfast: It prevents involuntary movement, except for blinking,
   teleportation, or banishment.
   rC:        It protects you from cold.
 J - the +2 leather armour of the Crypt (melded) {rPois Str+3 Int+8}
   (You bought it in a shop on level 3 of the Dungeon)

   Str:       It affects your strength (+3).
   Int:       It affects your intelligence (+8).
   rPois:     It protects you from poison.
 L - a +2 pair of gloves of dexterity (melded)
 W - a +1 hat of intelligence (melded)
Jewellery
 d - a ring of resist corrosion (right fist)
 e - a ring of protection from fire
 n - an amulet of reflection (around neck)
 s - a ring of protection from fire
 A - a +6 ring of intelligence
 B - a ring of willpower (left fist)
 H - a ring of poison resistance
 Q - a ring of magical power
 U - the ring "Oticoec" {rC+ rN+ Int+2}
   (You acquired it on level 2 of the Snake Pit)

   [ring of protection from cold]

   Int:       It affects your intelligence (+2).
   rC:        It protects you from cold.
   rN:        It protects you from negative energy.
 X - a +6 ring of dexterity
Wands
 a - a wand of paralysis (25)
 y - a wand of mindburst (25)
 G - a wand of digging (9)
 M - a wand of light (40)
 P - a wand of flame (35)
 R - a wand of roots (13)
 T - a wand of polymorph (6)
Scrolls
 j - a scroll of silence
 k - 4 scrolls of vulnerability
 l - 11 scrolls of poison
 m - 5 scrolls of enchant weapon
 o - 9 scrolls of enchant armour
 r - 3 scrolls of amnesia
 u - 5 scrolls of blinking
 w - 8 scrolls of fear
 x - 10 scrolls of magic mapping
 D - 12 scrolls of teleportation
 N - 3 scrolls of immolation
 V - 3 scrolls of fog
 Z - a scroll of summoning
Potions
 b - 3 potions of magic
 c - a potion of mutation
 f - 5 potions of curing
 g - 6 potions of attraction
 h - 7 potions of brilliance
 i - 8 potions of might
 q - 2 potions of berserk rage
 t - 10 potions of flight
 v - 10 potions of lignification
 z - 8 potions of haste
 C - 5 potions of invisibility
 E - 5 potions of heal wounds
 K - 2 potions of cancellation
 O - 2 potions of resistance
 S - 3 potions of ambrosia


   Skills:
 - Level 15.0 Fighting
 - Level 15.3 Dodging
 - Level 1.7 Stealth
 + Level 18.8 Unarmed Combat
 - Level 14.3 Spellcasting
 - Level 5.0 Hexes
 - Level 15.0 Summonings
 - Level 8.0 Translocations
 - Level 16.0 Transmutations
 - Level 16.0 Air Magic


You had 11 spell levels left.
You knew the following spells:

 Your Spells              Type           Power      Damage    Failure   Level
a - Storm Form            Tmut/Air       40%        N/A       3%          7
b - Manifold Assault      Tloc           58%        N/A       1%          4
c - Call Canine Familiar  Summ           79%        N/A       1%          3
d - Summon Guardian Gole  Hex/Summ       83%        N/A       1%          3
e - Summon Lightning Spi  Summ/Air       80%        N/A       1%          4
f - Summon Forest         Summ/Tloc      34%        N/A       1%          5
g - Summon Cactus Giant   Summ           39%        N/A       1%          6
h - Summon Mana Viper     Hex/Summ       83%        N/A       1%          5
i - Call Imp              Summ           79%        N/A       0%          2

Your spell library contained the following spells:

 Spells                   Type           Power      Damage    Failure   Level
 Summon Small Mammal      Summ           100%       N/A       0%          1
 Wereblood                Tmut           81%        N/A       0%          2
 Swiftness                Air            81%        N/A       0%          3
 Slow                     Hex            100%       N/A       1%          1
 Blink                    Tloc           100%       N/A       1%          2
 Ensorcelled Hibernation  Hex/Ice        98%        N/A       1%          2
 Lesser Beckoning         Tloc           100%       N/A       1%          2
 Passwall                 Tmut/Erth      48%        N/A       1%          2
 Static Discharge         Conj/Air       100%       2-7/arc   1%          2
 Confusing Touch          Hex            62%        N/A       1%          3
 Gell's Gravitas          Tloc           58%        N/A       1%          3
 Portal Projectile        Hex/Tloc       100%       N/A       1%          3
 Spider Form              Tmut/Pois      58%        N/A       1%          3
 Teleport Other           Tloc           58%        N/A       1%          3
 Tukima's Dance           Hex            62%        N/A       1%          3
 Animate Armour           Summ/Erth      100%       N/A       1%          4
 Ice Form                 Ice/Tmut       58%        N/A       1%          4
 Summon Ice Beast         Ice/Summ       56%        N/A       1%          4
 Blade Hands              Tmut           40%        N/A       1%          5
 Silence                  Hex/Air        42%        N/A       1%          5
 Yara's Violent Unravell  Hex/Tmut       42%        3d17      1%          5
 Foxfire                  Conj/Fire      76%        2x1d7     2%          1
 Sandblast                Erth           38%        2d10      2%          1
 Inner Flame              Hex/Fire       49%        N/A       3%          3
 Cause Fear               Hex            31%        N/A       3%          4
 Dragon Form              Tmut           40%        N/A       3%          7
 Sublimation of Blood     Necr           19%        N/A       4%          2
 Monstrous Menagerie      Summ           39%        N/A       4%          7
 Summon Hydra             Summ           39%        N/A       4%          7
 Hailstorm                Conj/Ice       19%        3d6       9%          3
 Ozocubu's Armour         Ice            19%        N/A       9%          3
 Stone Arrow              Conj/Erth      38%        3d9       9%          3
 Vampiric Draining        Necr           19%        2d7       9%          3
 Freezing Cloud           Conj/Ice/Air   24%        6-21      9%          5
 Anguish                  Hex/Necr       24%        N/A       10%         4
 Leda's Liquefaction      Hex/Erth       24%        N/A       10%         4
 Conjure Ball Lightning   Conj/Air       29%        3x3d8     16%         6
 Eringya's Noxious Bog    Tmut/Pois      29%        N/A       16%         6
 Statue Form              Tmut/Erth      38%        N/A       16%         6
 Malign Gateway           Summ/Tloc      34%        N/A       21%         7
 Maxwell's Capacitive Co  Air            40%        ∞         26%         8
 Animate Dead             Necr           19%        N/A       28%         4
 Metabolic Englaciation   Hex/Ice        24%        N/A       28%         5
 Borgnjor's Vile Clutch   Necr/Erth      9%         N/A       61%         5
 Haunt                    Necr/Summ      28%        N/A       71%         7
 Simulacrum               Ice/Necr       9%         N/A       99%         6
 Discord                  Hex            31%        N/A       100%        8
 Disjunction              Tloc           29%        N/A       100%        8
 Death's Door             Necr           9%         N/A       100%        9
 Fire Storm               Conj/Fire      9%         8d3       100%        9
 Polar Vortex             Ice            9%         N/A       100%        9


Dungeon Overview and Level Annotations

Branches:
Dungeon (15/15)            Temple (1/1) D:5            Lair (5/5) D:10
  Swamp (4/4) Lair:2        Snake (4/4) Lair:2        Slime (5/5) Lair:4
    Orc (2/2) D:12            Elf (3/3) Orc:2        Vaults (4/5) D:13
  Crypt (3/3) Vaults:2     Depths (0/4) D:15        Ossuary (visited)
  IceCv (visited)         Volcano (visited)
   Tomb: Crypt:3

Altars:
Ashenzari
Cheibriados
Dithmenos
Fedhas
Gozag
Hepliaklqana
Kikubaaqudgha
Makhleb
Nemelex Xobeh
Okawaru
Qazlal
Ru
Sif Muna
Trog
Uskayaw
Vehumet
Wu Jian
Xom
Yredelemnul
Jiyva

Shops:
D:1 [   D:3 *[   D:11 *??=[   Orc:1 ::   Orc:2 (:?[   Lair:1 [:?::**=
Snake:2 ??:   Snake:4 [   Vaults:4 [:

Annotations:
D:3 exclusion: oklob plant
D:12 3 runed translucent doors, BigDaddyOpFi's ghost, journeyman MeEE
D:13 1 runed translucent door
Slime:5 Royal Jelly
Crypt:3 Josephina


Innate Abilities, Weirdness & Mutations

You are a lightning-filled tempest!
Your electrical attacks strike out in all directions at once.
You are incredibly evasive.
Your insubstantial body is immune to petrification, constriction, and being set on fire You are flying.
You are immune to poison.
Your armour is entirely melded.
You are incapable of wielding weapons or throwing items.
A demonic guardian rushes to your aid.
((You are completely covered in sharp spines.))
((Your movements are less encumbered by armour. (ER -4)))
Your hexes are more powerful.
((You have a sharp stinger which inflicts weakening toxins.))
You are clumsy. (Dex -2)


Message History

Josephina casts a spell at you. The icy flash freeze hits you!!!
You are encased in ice.
There is a stone staircase leading up here.
Casting: Storm Form (dangerous; 3% risk of failure)
Confirm with . or Enter, or press ? or * to list all spells.
You feel a surge of power!
A mana viper appears with a sibilant hiss.
Casting: Summon Mana Viper (mildly dangerous; 1% risk of failure)
Confirm with . or Enter, or press ? or * to list all spells.
You hear a distant slurping noise.
You barely miss Josephina.
You blast Josephina!!!
Josephina is moderately damaged.
The ice encasing you melts away. Josephina casts a spell at you.
The ghostly flame explodes!
The ghostly fireball engulfs you!!!
You feel drained.
The ghostly fireball engulfs your mana viper!!!
Your mana viper is drained!
The ghostly fireball engulfs Josephina.
Josephina completely resists.
Unknown command.
You buffet Josephina!
Josephina is moderately damaged.
You hear a distant slurping noise.
Josephina hits you with a staff of cold!
Josephina freezes you!!!
* * * LOW HITPOINT WARNING * * *
Josephina freezes you!!
* * * LOW HITPOINT WARNING * * *
A demonic guardian appears!
Josephina touches you but does no damage.
Your mana viper bites Josephina but does no damage.
Unknown command.
You feel much better.
Your mana viper bites Josephina but does no damage.
Josephina hits you with a staff of cold!
* * * LOW HITPOINT WARNING * * *
Josephina freezes you!!!
You die...

#.......M....#..##
#....######).'...#
#....# #..#...#
#....# #..##..##
#....# ###.#.L.###
#....# #.##....#
#....# #..##....
#..SL# #...###..
#.3Cv# #....####
#....# #........
#....# #........
#....# #........
#....# #........
#..... ..........
###### ###########


You could see Josephina (ally target), a friendly sun demon (summoned), a
friendly mana viper (summoned, drained) and a friendly cactus giant (summoned).

Vanquished Creatures
  Dissolution (Slime:3)
  2 dread liches (Vaults:4)
  Nikola (Snake:1)
  4 liches
  A deep elf blademaster (Elf:3)
  2 deep elf master archers (Elf:3)
  A quicksilver dragon (Vaults:4)
  5 ancient champions
  16 acid blobs
  3 sphinxes
  A revenant (Crypt:3)
  Donald (Elf:1)
  A nagaraja (Snake:4)
  4 azure jellies
  6 rockslimes
  6 vault wardens
  A fire giant (Vaults:4)
  4 deep elf sorcerers (Elf:3)
  A shard shrike simulacrum (Crypt:3)
  6 deep elf elementalists
  2 curse skulls
  8 ghouls
  5 quicksilver oozes
  3 very ugly things (Vaults:1)
  A stone giant (Vaults:4)
  3 ironbound thunderhulks
  3 deep elf demonologists
  6 vampire knights
  10 ironbound preservers
  2 dire elephants (Vaults:1)
  A deep elf annihilator (Elf:3)
  4 eidola
  An ettin (Vaults:4)
  2 deep elf death magi
  A mummy priest (Crypt:3)
  2 jiangshi (Crypt:1)
  A deep elf high priest (Elf:3)
  9 yaktaur captains
  6 great orbs of eyes
  2 salamander tyrants
  3 hydras
  A spriggan air mage (Swamp:4)
  7 centaur warriors
  2 two-headed ogres (Elf:3)
  9 ironbound frosthearts
  6 anacondas
  A boulder beetle (Vaults:1)
  12 dancing weapons
  2 death yaks
  An alligator (Swamp:4)
  9 naga warriors
  6 vampire magi
  A deep troll earth mage (Vaults:1)
  3 orc high priests (Elf:3)
  8 deep elf knights
  4 hell knights
  4 shock serpents
  3 naga sharpshooters
  29 skeletal warriors
  2 spriggans
  2 shadow wraiths (Crypt:2)
  An anaconda zombie (Crypt:1)
  38 deep trolls
  A glowing orange brain (shapeshifter) (Vaults:4)
  A glowing orange brain (Vaults:3)
  A flayed ghost (Crypt:2)
  A bog body (Crypt:2)
  2 spriggan druids (Swamp:4)
  3 naga ritualists
  4 swamp dragons
  A spriggan simulacrum (Crypt:3)
  9 deep elf archers
  An anaconda skeleton (Crypt:1)
  8 phantasmal warriors
  8 lindwurms
  15 deep elf pyromancers
  6 wizards
  8 ironbound convokers
  3 orc knights
  A stone giant zombie (Crypt:1)
  9 deep elf zephyrmancers
  9 mana vipers
  5 necromancers
  An orc sorcerer (Vaults:4)
  A spectral spriggan (Swamp:1)
  A faun (shapeshifter) (Elf:3)
  3 salamanders
  15 ugly things
  2 will-o-the-wisps
  An elephant (Lair:3)
  5 guardian serpents
  5 shining eyes
  A naga zombie (Crypt:1)
  5 eyes of devastation
  22 black mambas
  A gargoyle (Volcano)
  3 naga magi
  7 vault sentinels
  A catoblepas zombie (Crypt:3)
  A swamp worm zombie (Crypt:2)
  26 yaktaurs
  2 freezing wraiths
  A black draconian skeleton (Crypt:2)
  A yellow draconian skeleton (Crypt:2)
  A minotaur skeleton (Crypt:3)
  3 guardian mummies
  The ghost of Nabski the Magician, a novice TeFE (D:5)
  3 hornets
  A troll (Vaults:4)
  2 spectral guardian serpents (Crypt:1)
  A green draconian skeleton (Crypt:1)
  2 dream sheep (Lair:2)
  Prince Ribbit (D:6)
  A jumping spider (shapeshifter) (Elf:3)
  An ettin zombie (Crypt:3)
  2 air elementals
  100 slime creatures
  2 wraiths (Crypt:1)
  2 vampires (Vaults:2)
  A water elemental (Elf:1)
  A wyvern (Lair:3)
  A basilisk (Lair:3)
  2 fire elementals (Elf:2)
  15 golden eyes
  7 vampire mosquitoes
  A merfolk zombie (Crypt:1)
  11 nagas
  A fire bat zombie (Crypt:1)
  A glowing shapeshifter zombie (Vaults:2)
  A swamp worm (Swamp:1)
  A floating eye (Slime:4)
  A glowing shapeshifter skeleton (Crypt:1)
  A water moccasin (D:9)
  3 swamp drakes (Swamp:4)
  An ettin simulacrum (Crypt:3)
  8 orc warriors
  An ogre (D:6)
  A fire dragon simulacrum (Crypt:1)
  20 wolves
  A phantom (D:5)
  A manticore skeleton (Crypt:3)
  A nameless horror (Snake:2)
  5 necrophages
  3 bullfrogs
  2 scorpions
  A wyvern skeleton (Crypt:3)
  4 killer bees
  A bullfrog zombie (Ossuary)
  A hound (D:6)
  3 orc priests
  2 orc wizards
  A scorpion zombie (Crypt:3)
  2 mummies (Crypt:3)
  An adder (D:4)
  A swamp drake zombie (Crypt:3)
  2 ufetubi (D:4)
  5 orcs
  2 ball pythons (D:4)
  An endoplasm (D:4)
  2 kobolds
  A quokka (D:4)
739 creatures vanquished.

Vanquished Creatures (collateral kills)
  Mennas (Vaults:4)
  Boris (Vaults:4)
  Frederick (Vaults:4)
  Saint Roka (Vaults:4)
  Margery (Vaults:1)
  A golden dragon (Vaults:4)
  2 liches
  A deep elf blademaster (Elf:2)
  A quicksilver dragon (Vaults:4)
  An ancient champion (Crypt:1)
  2 acid blobs
  Gastronok (D:8)
  2 sphinxes (Vaults:4)
  Kirke (D:13)
  Roxanne (Elf:1)
  4 nagarajas
  A thorn hunter (Swamp:1)
  4 deep elf sorcerers (Elf:3)
  Louise (Elf:3)
  2 vault wardens (Vaults:3)
  8 deep elf elementalists (Elf:3)
  5 ironbound preservers
  A quicksilver ooze (Slime:5)
  A stone giant (D:13)
  3 ghouls (Swamp:1)
  3 orc warlords
  2 ironbound thunderhulks
  2 very ugly things (Vaults:1)
  A vampire knight (Crypt:3)
  2 deep elf demonologists
  Nessos (D:15)
  2 dire elephants (Vaults:1)
  An eleionoma (Swamp:3)
  A bunyip (Swamp:2)
  Azrael (D:12)
  The ghost of Mingoeph the Nimble, a journeyman MfHu (D:12)
  An ettin (D:15)
  A deep elf death mage (Crypt:3)
  The ghost of FakeRyeBread the Basher, a journeyman AtFi of Okawaru (Orc:2)
  4 deep elf high priests (Elf:3)
  An entropy weaver (shapeshifter) (D:14)
  2 yaktaur captains
  A great orb of eyes (Vaults:4)
  3 salamander tyrants (Snake:4)
  14 hydras
  A spriggan air mage (Swamp:4)
  A rakshasa (D:15)
  A catoblepas (Lair:5)
  A ghost crab (Swamp:1)
  A boulder beetle (D:12)
  3 centaur warriors
  An anaconda (Snake:1)
  19 dancing weapons
  3 two-headed ogres
  4 tengu warriors
  3 ironbound frosthearts
  2 death knights
  2 deep troll shamans
  5 orc high priests
  4 alligators
  11 death yaks
  18 naga warriors
  19 naga sharpshooters
  A spriggan berserker (Swamp:4)
  Urug (D:13)
  7 shock serpents
  6 deep elf knights
  A hell knight (D:15)
  10 skeletal warriors
  4 salamander mystics
  7 deep trolls
  A shadow wraith (Vaults:4)
  2 flayed ghosts
  8 spriggan druids
  5 goliath frogs
  2 phantasmal warriors
  6 swamp dragons
  2 lindwurms
  5 deep elf archers
  2 necromancers
  2 wizards
  4 naga ritualists
  An anaconda skeleton (Volcano)
  6 bog bodies
  20 deep elf zephyrmancers
  2 ironbound convokers
  12 orc knights
  4 spectral spriggans (Swamp:1)
  14 salamanders
  11 deep elf pyromancers
  8 mana vipers
  2 cyclopes
  A stone giant zombie (Vaults:2)
  4 orc sorcerers (Orc:2)
  6 will-o-the-wisps
  11 ugly things
  The ghost of Dittersdorf the Shield-Bearer, a novice GrFi (D:5)
  35 black mambas
  A manticore (D:11)
  18 slime creatures
  15 elephants
  Maurice (D:13)
  13 naga magi
  An alligator snapping turtle zombie (Crypt:2)
  4 vault sentinels
  4 guardian serpents
  8 cane toads
  3 gargoyles
  7 yaktaurs
  3 freezing wraiths
  An unseen horror (D:11)
  A minotaur zombie (Crypt:2)
  An efreet (D:13)
  2 rime drakes
  9 komodo dragons
  10 trolls
  5 polar bears
  7 tyrant leeches
  A blink frog (Lair:4)
  A bloated husk (Swamp:1)
  A harpy skeleton (Volcano)
  7 hornets
  3 dream sheep (Lair:2)
  13 spriggans
  Sigmund (D:2)
  6 wraiths
  A wyvern (Lair:5)
  3 flying skulls (Volcano)
  2 water elementals
  A vampire (Vaults:2)
  26 yaks
  3 fire bats (Orc:2)
  3 fire elementals
  3 hogs (D:13)
  A golden eye (Slime:1)
  A steam dragon (D:7)
  5 basilisks
  13 humans (D:13)
  7 vampire mosquitoes
  A human simulacrum (Vaults:2)
  A warg (shapeshifter) (D:15)
  4 wargs
  12 swamp worms
  30 nagas
  2 hell hounds (D:12)
  2 acid dragons
  14 water moccasins
  A lindwurm zombie (Crypt:2)
  6 ice beasts
  A hornet zombie (Ossuary)
  24 orc warriors
  6 swamp drakes (Swamp:4)
  A black bear (D:8)
  7 ogres
  22 wolves
  A centaur (D:7)
  2 kobold brigands
  6 gnoll sergeants
  9 bullfrogs
  2 earth elementals
  A wyvern zombie (Ossuary)
  4 necrophages
  A scorpion (D:5)
  3 water moccasin zombies (Ossuary)
  A hornet simulacrum (D:15)
  9 wights
  A killer bee (D:10)
  5 howler monkeys
  2 spriggan skeletons (Volcano)
  A troll skeleton (Volcano)
  3 electric eels
  A wolf skeleton (Crypt:2)
  3 centaur zombies (Ossuary)
  6 bullfrog zombies (Ossuary)
  2 lava snakes (Lair:2)
  12 orc priests
  A jelly (D:7)
  A gnoll bouda (D:8)
  2 hounds
  2 iguanas
  15 orc wizards
  7 hell rats
  A polar bear simulacrum (Lair:2)
  2 killer bee zombies
  A boggart skeleton (Crypt:3)
  A boggart simulacrum (D:13)
  12 mummies (Ossuary)
  2 howler monkey zombies (Ossuary)
  33 gnolls
  8 adders
  2 shadow imps
  3 worms
  The ghost of drugrobin the Sneak, a weakling DgDe (D:5)
  53 orcs
  5 bats
  5 endoplasms
  2 giant cockroaches
  6 goblins
  5 hobgoblins
  4 jackals (D:4)
  2 quokkas
  9 ball pythons
  A ball python zombie (Crypt:1)
  3 frilled lizards
  9 kobolds
  10 rats
  3 briar patches (Swamp:1)
1042 creatures vanquished.

Vanquished Creatures (others)
  A deep elf blademaster (Elf:3)
  Asterion (Snake:1)
  A storm dragon (D:12)
  A nagaraja (Snake:4)
  A fenstrider witch (Swamp:2)
  A frost giant (D:13)
  An ironbound preserver (Vaults:1)
  An eleionoma (Swamp:3)
  A dire elephant (Lair:5)
  An ettin (Orc:2)
  5 hydras
  A ghost crab (Swamp:1)
  An anaconda (Snake:2)
  A two-headed ogre (D:9)
  2 ironbound frosthearts (IceCv)
  15 death yaks
  3 naga sharpshooters
  A shock serpent (Snake:2)
  2 deep elf knights
  A skeletal warrior (D:13)
  2 deep trolls (Vaults:1)
  A swamp dragon (Swamp:4)
  2 naga ritualists
  2 orc knights
  2 necromancers
  An ugly thing (D:12)
  The ghost of bronco the Stinger, a novice OpBr (D:5)
  6 elephants
  A gargoyle (D:13)
  A naga mage (Snake:2)
  Joseph (D:8)
  A black mamba (Snake:2)
  An ice statue (IceCv)
  The ghost of NinjaNoafa the Gusty, a novice DrAE (D:5)
  3 cane toads
  A komodo dragon (Lair:3)
  A yaktaur (Vaults:4)
  2 rime drakes
  2 freezing wraiths
  5 polar bears (IceCv)
  A tyrant leech (Lair:2)
  7 bloated husks
  2 trolls
  2 hornets (Swamp:1)
  2 blink frogs (Lair:4)
  3 slime creatures
  27 yaks
  A vampire (D:13)
  A wraith (Crypt:1)
  3 humans (D:13)
  A water nymph zombie (Crypt:2)
  2 swamp worms
  2 wargs (Orc:2)
  2 nagas
  An acid dragon (D:8)
  An ice beast (D:10)
  An ogre (D:12)
  3 wolves (IceCv)
  A bullfrog (Lair:1)
  6 wights
  25 jellies
  A killer bee (D:10)
  A gnoll bouda (D:5)
  An orc wizard (D:11)
  4 hell rats
  A boggart skeleton (Crypt:2)
  2 gnolls
  2 orcs
  A hobgoblin skeleton (Crypt:1)
  A bush (Lair:3)
  28 foxfires
  35 fungi
  79 plants
  43 snaplasher vines
  11 withered plants (Ossuary)
383 creatures vanquished.

Grand Total: 2164 creatures vanquished

Notes
Turn   | Place    | Note
-------+----------+-------------------------------------------
     0 | D:1      | cforsyth the Demonspawn Summoner began the quest for the
                  | Orb.
     0 | D:1      | Reached XP level 1. HP: 13/13 MP: 3/3
   438 | D:1      | Gained mutation: Your movements are slightly less
                  | encumbered by armour. (ER -2) [demonic ancestry]
   438 | D:1      | Reached XP level 2. HP: 19/19 MP: 3/5
   513 | D:1      | Found Zafiw's Armour Shop.
   745 | D:1      | Learned a level 2 spell: Call Imp
  1019 | D:1      | Gained mutation: You have a small tail. [demonic ancestry]
  1019 | D:1      | Reached XP level 3. HP: 24/24 MP: 4/7
  1023 | D:1      | Learned a level 3 spell: Call Canine Familiar
  1344 | D:2      | Noticed Sigmund
  2094 | D:2      | Killed Sigmund
  2095 | D:2      | Reached skill level 5 in Summonings
  2095 | D:2      | Reached XP level 4. HP: 25/30 MP: 1/10
  2095 | D:2      | Reached XP level 5. HP: 29/35 MP: 1/11
  2576 | D:3      | Found Beokaxku's Antique Armour Shop.
  2645 | D:3      | Found Epseim's Assorted Antiques.
  2654 | D:3      | Bought a scroll labelled YMAGGUF QATSO for 25 gold pieces
  2654 | D:3      | Bought a sedimented green potion for 22 gold pieces
  2654 | D:3      | Bought 2 sedimented green potions for 45 gold pieces
  3199 | D:3      | Found a blossoming altar of Fedhas.
  3214 | D:3      | Noticed an oklob plant
  3317 | D:3      | Found an iron altar of Okawaru.
  3367 | D:4      | Learned a level 3 spell: Summon Guardian Golem
  3475 | D:4      | Gained mutation: You are partially covered in sharp spines.
                  | [demonic ancestry]
  3475 | D:4      | Reached XP level 6. HP: 38/41 MP: 5/12
  3769 | D:4      | Noticed a water moccasin
  4030 | D:4      | Found a stormy altar of Qazlal.
  4052 | D:4      | Reached skill level 1 in Hexes
  4491 | D:5      | Entered Level 5 of the Dungeon
  5005 | D:5      | Found a shadowy altar of Dithmenos.
  5072 | D:5      | Reached XP level 7. HP: 46/46 MP: 8/14
  5128 | D:5      | Found a staircase to the Ecumenical Temple.
  5167 | D:5      | Reached skill level 5 in Spellcasting
  5228 | Temple   | Entered the Ecumenical Temple
  5418 | Temple   | Became a worshipper of Gozag Ym Sagoz the Greedy
  5471 | D:5      | Found a radiant altar of Vehumet.
  5902 | D:5      | Identified the +7 falchion "Buoliv" {flame, Fly rF- rC+
                  | SInv}
  6092 | D:5      | Gained mutation: Your movements are less encumbered by
                  | armour. (ER -4) [demonic ancestry]
  6092 | D:5      | Reached XP level 8. HP: 52/52 MP: 9/16
  6241 | D:5      | Found a runed translucent gate.
  6242 | D:5      | Found a runed translucent gate.
  6242 | D:5      | Found a runed translucent gate.
  6244 | D:5      | Noticed Nabski's ghost (novice TeFE)
  6244 | D:5      | Noticed drugrobin's ghost (weakling DgDe)
  6246 | D:5      | Noticed bronco's ghost (novice OpBr)
  6246 | D:5      | Noticed Dittersdorf's ghost (novice GrFi)
  6247 | D:5      | Noticed NinjaNoafa's ghost (novice DrAE)
  6300 | D:5      | Found an ornate altar of the Wu Jian Council.
  6589 | D:6      | Noticed Prince Ribbit
  6604 | D:6      | HP: 1/52 [Prince Ribbit (13)]
  6615 | D:6      | Killed Prince Ribbit
  6685 | D:6      | Reached skill level 5 in Hexes
  6709 | D:6      | Found a sand-covered staircase.
  6714 | Ossuary  | Entered an ossuary
  6838 | Ossuary  | Gained mutation: You have a tail ending in a sharp stinger.
                  | [demonic ancestry]
  6838 | Ossuary  | Reached XP level 9. HP: 48/57 MP: 6/19
  7944 | D:6      | Noticed a moth of wrath
  7947 | D:6      | Found a bloodstained altar of Trog.
  8004 | D:6      | Identified the +6 mace of Fortitude {venom, *Rage rElec
                  | Str+2}
  8181 | D:7      | Learned a level 4 spell: Summon Lightning Spire
  8621 | D:7      | Reached skill level 1 in Fighting
  8662 | D:7      | Reached skill level 1 in Air Magic
  9040 | D:7      | You fall into a shaft and drop 1 floor!
 10601 | D:1      | Bought the +3 pair of mountain boots {steadfast, rC+} for
                  | 435 gold pieces
 10601 | D:1      | Found the +3 pair of mountain boots {steadfast, rC+}
 10683 | D:3      | Bought a twisted leather armour for 112 gold pieces
 10683 | D:3      | Identified the +2 leather armour of the Crypt {rPois Str+3
                  | Int+8} (You bought it in a shop on level 3 of the Dungeon)
 11019 | D:8      | Noticed Joseph
 11034 | D:8      | Killed Joseph
 11035 | D:8      | Reached XP level 10. HP: 61/69 MP: 14/22
 11198 | D:8      | Identified the +1 scale mail of the Ecumenical Temple
                  | {rElec rF+ rN+}
 11942 | D:8      | Noticed Gastronok
 11962 | D:8      | Killed Gastronok
 11963 | D:8      | Reached skill level 10 in Summonings
 12621 | D:9      | Noticed a two-headed ogre
 12642 | D:9      | Killed a two-headed ogre
 12643 | D:9      | Gained mutation: A weak demonic guardian rushes to your
                  | aid. [demonic ancestry]
 12643 | D:9      | Reached XP level 11. HP: 76/78 MP: 16/24
 13104 | D:10     | Entered Level 10 of the Dungeon
 13137 | D:10     | Reached skill level 5 in Fighting
 13137 | D:10     | Reached skill level 5 in Dodging
 13540 | D:10     | Found a staircase to the Lair.
 13765 | D:10     | Found a sparkling altar of Nemelex Xobeh.
 14087 | Lair:1   | Entered Level 1 of the Lair of Beasts
 14099 | Lair:1   | Reached skill level 5 in Air Magic
 15875 | Lair:2   | Reached skill level 10 in Spellcasting
 15951 | Lair:2   | Found a staircase to the Snake Pit.
 15968 | Lair:2   | Reached XP level 12. HP: 41/89 MP: 3/26
 16115 | Lair:2   | Found a frozen archway.
 16124 | IceCv    | Entered an ice cave
 16616 | IceCv    | Noticed a death yak
 16632 | IceCv    | Killed a death yak
 16985 | IceCv    | Noticed a death yak
 16985 | IceCv    | Noticed an ironbound frostheart
 16985 | IceCv    | Noticed an ironbound frostheart
 16985 | IceCv    | Noticed a death yak
 16993 | IceCv    | Killed an ironbound frostheart
 17006 | IceCv    | Killed a death yak
 17343 | IceCv    | Killed a death yak
 17498 | IceCv    | Noticed a death yak
 17498 | IceCv    | Noticed a death yak
 17501 | IceCv    | Noticed a death yak
 17512 | IceCv    | Killed a death yak
 17520 | IceCv    | Killed a death yak
 17531 | IceCv    | Killed a death yak
 17539 | IceCv    | Killed an ironbound frostheart
 18039 | Lair:2   | Gained mutation: You are mostly covered in sharp spines.
                  | [demonic ancestry]
 18039 | Lair:2   | Reached XP level 13. HP: 100/100 MP: 25/28
 18372 | Lair:2   | Found a staircase to the Swamp.
 19254 | Lair:1   | Bought a book of Beasts for 684 gold pieces
 19260 | Lair:1   | Learned a level 5 spell: Summon Mana Viper
 19759 | Lair:3   | Reached skill level 10 in Fighting
 21142 | Lair:4   | Found a staircase to the Slime Pits.
 21193 | Lair:4   | Reached XP level 14. HP: 111/111 MP: 30/30
 21936 | Lair:5   | Entered Level 5 of the Lair of Beasts
 22109 | Lair:5   | Reached skill level 10 in Dodging
 23107 | Lair:5   | Got Guse's Precepts of the Hyperborean Gestalt
 24223 | Lair:1   | Bought the Opusculum on Calling for 240 gold pieces
 24250 | Lair:1   | Learned a level 5 spell: Summon Forest
 24282 | D:11     | Found Owihito's Jewellery Emporium.
 24417 | D:11     | Found Denufo's Armour Emporium.
 25307 | D:11     | Found Gaklyom's Magic Scroll Shoppe.
 25529 | D:11     | Found Zuumpal's General Store.
 25732 | D:11     | Found Umodoyck's Magic Scroll Shop.
 25855 | D:12     | Found a runed translucent gate.
 25895 | D:12     | Found a runed translucent gate.
 25897 | D:12     | Found a runed translucent gate.
 26006 | D:12     | Found a staircase to the Orcish Mines.
 26200 | D:12     | Noticed Azrael
 26218 | D:12     | Killed Azrael
 26504 | D:12     | Noticed a storm dragon
 26735 | D:11     | Bought a scroll of acquirement for 676 gold pieces
 26735 | D:11     | Acquired 685 gold pieces
 26737 | D:11     | Acquired a ring of magical power
 27114 | D:12     | Gained mutation: A demonic guardian rushes to your aid.
                  | [demonic ancestry]
 27114 | D:12     | Reached XP level 15. HP: 93/118 MP: 32/32
 27325 | D:12     | Killed a storm dragon
 27326 | D:12     | Reached skill level 15 in Summonings
 27565 | D:12     | Noticed BigDaddyOpFi's ghost (journeyman MeEE)
 27631 | Orc:1    | Entered Level 1 of the Orcish Mines
 27756 | Orc:2    | Entered Level 2 of the Orcish Mines
 27783 | Orc:2    | Found a staircase to the Elven Halls.
 28030 | Orc:2    | Found a dark tunnel.
 28039 | Volcano  | Entered a volcano
 28747 | Orc:2    | Found a runed translucent door.
 28747 | Orc:2    | Noticed FakeRyeBread's ghost (journeyman AtFi)
 29580 | Orc:2    | Found Jiduisk's Antique Armour Shop.
 29586 | Orc:2    | Found Deahaj's Book Shoppe.
 29593 | Orc:2    | Found Ewavod's Antique Weapon Shoppe.
 29595 | Orc:2    | Found Rerchois's Magic Scroll Shop.
 29688 | Orc:2    | Killed FakeRyeBread's ghost
 30138 | Orc:1    | Found Kiycoy's Vocational Training.
 30194 | Orc:1    | Found Sojitaud's Book Shop.
 30775 | D:5      | Killed Nabski's ghost
 30776 | D:5      | Killed bronco's ghost
 30783 | D:5      | Killed NinjaNoafa's ghost
 30784 | D:5      | Killed drugrobin's ghost
 30788 | D:5      | Killed Dittersdorf's ghost
 30789 | D:5      | Reached skill level 1 in Transmutations
 31101 | D:13     | Noticed Maurice
 31109 | D:13     | Killed Maurice
 31142 | D:13     | Noticed Urug
 31147 | D:13     | Killed Urug
 31416 | D:13     | Found a gate to the Vaults.
 31664 | D:13     | Noticed Kirke
 31667 | D:13     | Killed Kirke
 31767 | D:13     | Noticed Mingoeph's ghost (journeyman MfHu)
 31768 | D:13     | Noticed a lich
 31769 | D:13     | Noticed a frost giant
 32029 | D:13     | Found a runed translucent door.
 32038 | D:13     | Found a runed translucent door.
 32178 | D:13     | Killed a lich
 32321 | D:12     | Killed Mingoeph's ghost
 32498 | D:13     | Killed a frost giant
 32972 | D:14     | Reached skill level 5 in Transmutations
 33395 | D:14     | Gained mutation: You have a sharp stinger which inflicts
                  | weakening toxins. [demonic ancestry]
 33395 | D:14     | Reached XP level 16. HP: 109/125 MP: 34/34
 33810 | D:15     | Entered Level 15 of the Dungeon
 33818 | D:15     | Noticed Nessos
 33826 | D:15     | Killed Nessos
 34435 | D:15     | Found a staircase to the Depths.
 35443 | Snake:1  | Entered Level 1 of the Snake Pit
 35598 | Orc:1    | Bought an Inescapable Atlas for 448 gold pieces
 35606 | Orc:1    | Learned a level 7 spell: Storm Form
 36187 | Snake:1  | Noticed Asterion
 36544 | Swamp:1  | Entered Level 1 of the Swamp
 37425 | Swamp:1  | Got the Secrets of Fanaticism
 37443 | Swamp:1  | Noticed a thorn hunter
 37449 | Swamp:1  | Killed a thorn hunter
 38919 | Swamp:1  | Reached skill level 10 in Air Magic
 39398 | Swamp:1  | Identified the -1 tower shield of Cikun {rPois rN+}
 41617 | Swamp:3  | Reached XP level 17. HP: 86/131 MP: 18/35
 41727 | Swamp:3  | Identified the +1 robe of Xom's Generosity {Str+3 Dex+2}
 42128 | Swamp:4  | Entered Level 4 of the Swamp
 42532 | Swamp:4  | Reached skill level 10 in Transmutations
 42738 | Swamp:4  | Identified the +7 war axe "Bung" {distort, Fragile rCorr
                  | Str+3 Dex+2}
 42872 | Swamp:4  | Identified the +0 broad axe of Fortitude {pain, Str+4
                  | Int+2}
 45266 | Swamp:4  | Got a decaying rune of Zot
 45694 | Snake:1  | Killed Asterion
 46028 | Snake:1  | Noticed Nikola
 46045 | Snake:1  | Killed Nikola
 49231 | Snake:2  | Found Jiwi Los's Magic Scroll Shop.
 49291 | Snake:2  | Gained mutation: You are completely covered in sharp
                  | spines. [demonic ancestry]
 49291 | Snake:2  | Reached XP level 18. HP: 130/138 MP: 27/36
 49576 | Snake:2  | Found Hogerup's Book Shoppe.
 49577 | Snake:2  | Found Waikhlies's Magic Scroll Boutique.
 49621 | Snake:2  | Bought a scroll of blinking for 120 gold pieces
 49621 | Snake:2  | Bought a scroll of acquirement for 832 gold pieces
 49621 | Snake:2  | Bought a scroll of blinking for 120 gold pieces
 49621 | Snake:2  | Acquired the ring "Oticoec" {rC+ rN+ Int+2}
 52063 | Snake:3  | Found an iron altar of Okawaru.
 53386 | Snake:4  | Entered Level 4 of the Snake Pit
 53601 | Snake:4  | HP: 4/138 [naga/+0 glaive (21)]
 54825 | Snake:4  | Reached skill level 15 in Air Magic
 55625 | Snake:4  | Found Nadug's Superior Scales.
 55742 | Snake:4  | Identified the +5 hand axe "Timem" {heavy, Drain rF++}
 56078 | Snake:4  | Gained mutation: Your hexes are more powerful. [demonic
                  | ancestry]
 56078 | Snake:4  | Reached XP level 19. HP: 143/143 MP: 30/37
 57979 | Snake:4  | Got a serpentine rune of Zot
 58258 | Lair:1   | Bought Sif Muna's Atlas of Cloudy Attendants for 416 gold
                  | pieces
 58265 | Lair:1   | Learned a level 6 spell: Summon Cactus Giant
 58573 | Lair:1   | Bought a scroll of blinking for 135 gold pieces
 58573 | Lair:1   | Bought a scroll of teleportation for 54 gold pieces
 58573 | Lair:1   | Bought a scroll of teleportation for 54 gold pieces
 58666 | Vaults:1 | Entered Level 1 of the Vaults
 58806 | Vaults:1 | Reached skill level 15 in Transmutations
 61524 | Vaults:1 | HP: 5/146 [yaktaur[a yaktaur captain] (10)]
 61854 | Vaults:2 | Noticed Margery
 62280 | Vaults:1 | Killed Margery
 63983 | Vaults:2 | Got Neal Nocef's Octavo of Attacks and Accomplices
 64529 | Vaults:2 | Found a staircase to the Crypt.
 64662 | Vaults:3 | Learned a level 4 spell: Manifold Assault
 64879 | Vaults:3 | Reached XP level 20. HP: 147/155 MP: 32/38
 64882 | Vaults:3 | Reached skill level 1 in Translocations
 64884 | Vaults:3 | Reached skill level 1 in Unarmed Combat
 65690 | Vaults:3 | Reached skill level 2 in Unarmed Combat
 66153 | Vaults:3 | Reached skill level 3 in Unarmed Combat
 67937 | Vaults:4 | Noticed Boris
 67953 | Vaults:4 | Killed Boris
 68362 | Vaults:4 | Reached skill level 4 in Unarmed Combat
 68417 | Vaults:4 | Found Famma's Book Boutique.
 68417 | Vaults:4 | Noticed Saint Roka
 69309 | Vaults:4 | Noticed Mennas
 69327 | Vaults:4 | Killed Mennas
 69515 | Vaults:4 | Found Ysuoney's Armour Emporium.
 69563 | Vaults:4 | Reached skill level 5 in Translocations
 70163 | Vaults:4 | Noticed Frederick
 70174 | Vaults:4 | Killed Frederick
 70175 | Vaults:4 | Reached skill level 5 in Unarmed Combat
 70585 | Vaults:4 | Killed Saint Roka
 70853 | Vaults:4 | Found a huge runed gate.
 70853 | Vaults:4 | Found a huge runed gate.
 70853 | Vaults:4 | Found a huge runed gate.
 70853 | Vaults:4 | Found a huge runed gate.
 70853 | Vaults:4 | Found a huge runed gate.
 70853 | Vaults:4 | Found a huge runed gate.
 70854 | Vaults:4 | Found a huge runed gate.
 70854 | Vaults:4 | Found a huge runed gate.
 70854 | Vaults:4 | Found a huge runed gate.
 70854 | Vaults:4 | Found a huge runed gate.
 70857 | Vaults:4 | Found a huge runed gate.
 70857 | Vaults:4 | Found a huge runed gate.
 70857 | Vaults:4 | Found a huge runed gate.
 70857 | Vaults:4 | Found a huge runed gate.
 70857 | Vaults:4 | Found a huge runed gate.
 70857 | Vaults:4 | Found a huge runed gate.
 70857 | Vaults:4 | Found a huge runed gate.
 71423 | Vaults:4 | Found a huge runed gate.
 71424 | Vaults:4 | Found a huge runed gate.
 71425 | Vaults:4 | Found a huge runed gate.
 71426 | Vaults:4 | Found a huge runed gate.
 71427 | Vaults:4 | Found a huge runed gate.
 71428 | Vaults:4 | Found a huge runed gate.
 71429 | Vaults:4 | Found a huge runed gate.
 71430 | Vaults:4 | Found a huge runed gate.
 71431 | Vaults:4 | Found a huge runed gate.
 71439 | Vaults:4 | Found a huge runed gate.
 71439 | Vaults:4 | Found a huge runed gate.
 71439 | Vaults:4 | Found a huge runed gate.
 71439 | Vaults:4 | Found a huge runed gate.
 71439 | Vaults:4 | Found a huge runed gate.
 71439 | Vaults:4 | Found a huge runed gate.
 71440 | Vaults:4 | Found a huge runed gate.
 71441 | Vaults:4 | Found a huge runed gate.
 71442 | Vaults:4 | Found a huge runed gate.
 71450 | Vaults:4 | Found a huge runed gate.
 71459 | Vaults:4 | Noticed a golden dragon
 71459 | Vaults:4 | Noticed a dread lich
 71460 | Vaults:4 | Noticed a dread lich
 71772 | Vaults:4 | Reached XP level 21. HP: 165/165 MP: 39/39
 71986 | Vaults:4 | Reached skill level 6 in Unarmed Combat
 71993 | Vaults:4 | Killed a golden dragon
 72278 | Vaults:4 | Killed a dread lich
 72552 | Vaults:4 | Killed a dread lich
 72913 | Elf:1    | Entered Level 1 of the Elven Halls
 72924 | Elf:1    | Reached skill level 15 in Dodging
 73567 | Elf:1    | Identified Roxanne's Omnibus of the Geologist
 73567 | Elf:1    | Noticed Roxanne
 73579 | Elf:1    | Killed Roxanne
 73766 | Elf:1    | Noticed Donald
 73798 | Elf:1    | Killed Donald
 73935 | Elf:1    | Reached skill level 7 in Unarmed Combat
 73970 | Elf:1    | Got Vock's Grimoire of Companions
 75047 | Elf:2    | Found a runed translucent gate.
 75049 | Elf:2    | Found a runed translucent gate.
 75050 | Elf:2    | Found a runed translucent gate.
 75975 | Elf:2    | Paralysed by an air elemental for 1 turns
 76048 | Elf:2    | Reached skill level 15 in Fighting
 76663 | Elf:2    | Reached skill level 8 in Unarmed Combat
 77770 | Elf:3    | Entered Level 3 of the Elven Halls
 77969 | Elf:3    | Noticed Louise
 77973 | Elf:3    | Reached skill level 9 in Unarmed Combat
 77983 | Elf:3    | Killed Louise
 78198 | Elf:3    | Identified the +6 spear of Lourch {flame, rC+ rN+ Int+3
                  | Dex-5}
 79170 | Elf:3    | Reached skill level 10 in Unarmed Combat
 79711 | Elf:3    | Reached XP level 22. HP: 109/175 MP: 18/40
 79719 | Elf:3    | Reached skill level 11 in Unarmed Combat
 80552 | Elf:3    | Identified the +9 long sword of a sewer {elec, Str+2 Int+3}
 81338 | Elf:2    | Reached skill level 12 in Unarmed Combat
 81766 | Elf:3    | Identified the +8 great mace of Symmetry {protect, rCorr
                  | Int+4}
 81769 | Elf:3    | Identified the +2 leather armour of Darkness {rF+++ Will-}
 82563 | Elf:3    | Got Sif Muna's Enchiridion on the Unstable Pyromaniac
 82607 | Elf:3    | Identified the +1 plate armour "Teon" {Will+ Slay+2 SInv}
 82611 | Elf:3    | Identified the +2 sling "Xomp" {heavy, rC+ Will+ Stlth+}
 82966 | Slime:1  | Entered Level 1 of the Pits of Slime
 83604 | Slime:2  | Reached skill level 13 in Unarmed Combat
 85071 | Slime:5  | Entered Level 5 of the Pits of Slime
 85223 | Slime:5  | Reached skill level 14 in Unarmed Combat
 85718 | Slime:5  | Noticed the Royal Jelly
 86294 | Slime:3  | Paralysed by a floating eye for 3 turns
 86599 | Slime:4  | Reached skill level 15 in Unarmed Combat
 87292 | Slime:2  | Noticed Dissolution
 87386 | Slime:2  | Paralysed by a floating eye for 2 turns
 87388 | Slime:2  | Gained mutation: You are clumsy. (Dex -2) [a shining eye]
 87728 | Slime:3  | Killed Dissolution
 88765 | Slime:5  | Found a viscous altar of Jiyva.
 88765 | Slime:5  | Found the +8 trishula "Condemnation" {holy, anguish, *Noise
                  | Fly rN+}
 88811 | Slime:5  | Fell from the grace of Gozag
 88811 | Slime:5  | Became a worshipper of Jiyva Juitaic the Shapeless
 89431 | Crypt:1  | Entered Level 1 of the Crypt
 89451 | Crypt:1  | Reached skill level 16 in Unarmed Combat
 89599 | Crypt:1  | Reached XP level 23. HP: 160/181 MP: 26/41
 90234 | Crypt:1  | Reached * piety under Jiyva
 90609 | Crypt:2  | Reached skill level 17 in Unarmed Combat
 91239 | Crypt:2  | Reached ** piety under Jiyva
 91809 | Crypt:3  | Entered Level 3 of the Crypt
 91878 | Crypt:3  | Reached skill level 18 in Unarmed Combat
 92205 | Crypt:3  | Reached *** piety under Jiyva
 92321 | Crypt:3  | Identified the ring "Voofuick" {Ice rPois Int-4 SInv}
 92321 | Crypt:3  | Noticed Josephina
 92533 | Crypt:3  | Demolished by Josephina

Illustrated notes

Levels and vault maps discovered:
D:1:      dpeg_arrival_tiny_k, layout_basic, serial_forest,
          infiniplex_forest_lined_3, infiniplex_forest_corner_1,
          infiniplex_forest_lined_room_2, infiniplex_forest_clump_medium,
          infiniplex_forest_clump_C, infiniplex_forest_lined_3, serial_shops,
          shop
D:2:      layout_loops_ring, uniq_sigmund
D:3:      layout_loops_ring, tgw_fedhas, okawaru_trees_1, serial_shops,
          nicolae_shop_stone, nicolae_shop_trees, nrook_mini_vaults,
          minmay_crystal_water
D:4:      layout_rooms, mainiacjoe_overflow_24_doors
D:5:      layout_loops_ring, nicolae_dithmenos_the_darkroom,
          nicolae_overflow_hidden_temple,
          chequers_temple_overflow_statue_of_worship, temple_doors_cd,
          gammafunk_ghost_cemetery
D:6:      layout_loops_ring, tgw_trog, serial_glass, glass_columns_c,
          glass_columns_a, enter_ossuary_5, kennysheep_cross_room,
          uniq_prince_ribbit1
D:7:      layout_layer_cave
D:8:      minmay_general_purpose_star, layout_basic, uniq_joseph, uniq_gastronok
D:9:      layout_loops_ring
D:10:     layout_roguey, elyvilon_altar_4, mainiacjoe_overflow_brackets,
          hellmonk_lair_entry_icy
D:11:     layout_loops_ring, serial_shops, shop, shop, nicolae_shop_waterfront,
          kennysheep_mini, nicolae_inconvenience_store
D:12:     layout_roguey, kennysheep_orc_monster_closet_entryway,
          gammafunk_ghost_necromancy, kennysheep_just_a_vault, uniq_azrael
D:13:     layout_loops_cross, david_vaults_3, muffindrake_ghost_dual_entry,
          uniq_kirke, uniq_maurice
D:14:     layout_cave_pools, serial_bayou_ford_a, hangedman_decor_growths,
          onia_ninara_dug_in_and_dangerous
D:15:     hangedman_depths_entry_civil_slaughter, layout_irregular_city,
          uniq_nessos
Temple:   minmay_temple_bridge_abc
Lair:1:   layout_regular_city, grunt_megastairs_2, serial_bayou_shore_b,
          lemuel_fruit_tree
Lair:2:   layout_roguey, minmay_swamp_entry_worms,
          nicolae_snake_entry_warm_welcome, portal_ice_cave_entry_ice_simulacra
Lair:3:   layout_chaotic_city
Lair:4:   layout_loops_ring, slime_entry_1, nicolae_lair_grove_arrangements
Lair:5:   grunt_lair_end_beastmaster, layout_long_grid
Swamp:1:  nicolae_swamp_flooded_prison, layout_basic_swamp,
          evilmike_swamp_ruin_house_5
Swamp:2:  layout_basic_swamp, hangedman_swamp_lotus, swamp_pool4,
          nzn_swamp_blast_mining, infiniplex_staircase_pool
Swamp:3:  layout_basic_swamp, nicolae_swamp_little_swirl, swamp_pool4
Swamp:4:  swamp, layout_basic_swamp, nicolae_swamp_orc_logging_accident
Snake:1:  layout_gridlike, uniq_nikola, uniq_asterion
Snake:2:  layout_onion, nicolae_wooded_promenade, evilmike_ambush
          [evilmike_ambush_outer_corners, evilmike_ambush_inner_basic],
          grunt_megastairs_1
Snake:3:  layout_cave_pods, basic_altar, grunt_ministairs_14
Snake:4:  grunt_snake_rune_pools, layout_cave_shapes, hellmonk_scale_shop,
          grunt_megastairs_3
Slime:1:  layout_caves
Slime:2:  layout_caves, uniq_dissolution
Slime:3:  layout_caves
Slime:4:  layout_caves
Slime:5
Orc:1:    layout_caves, serial_shops, nicolae_shop_stone, basic_altar,
          nicolae_orc_pool_cavern, nicolae_shop_vocational
Orc:2:    st_orc_elflike, layout_caves, gammafunk_ghost_grave,
          nicolae_volcano_entry_batcave
Elf:1:    eino_elf_arrival_customs, layout_gridlike, minmay_elf_demonology,
          nicolae_elf_variegated_diamond, uniq_roxanne, uniq_donald
Elf:2:    nicolae_elf_blades_splatter_lattice [nicolae_blade_entry_antechamber],
          layout_onion_city
Elf:3:    minmay_elf_hall_not_hex, layout_gridlike, special_room
          [special_room_orc], uniq_louise
Vaults:1: ontoclasm_vaults_ring_square, nicolae_vaults_stairing_the_circle,
          hangedman_vaults_nails, ontoclasm_vaults_tryst,
          hangedman_vaults_stagger, vaults_room_ringed_pool,
          layout_vaults_chaotic_city
Vaults:2: nicolae_vaults_angled_halls, minmay_crypt_entry_vampire_xt,
          grunt_vaults_funnel, v_pattern_1, nicolae_vaults_asterisk, v_misc_22,
          v_misc_24, layout_vaults_quadrants, uniq_margery
Vaults:3: nicolae_vaults_diagonal_hallway_7, nicolae_vaults_border_crossing,
          hangedman_vaults_snaps, nicolae_vaults_mini_display_case,
          nicolae_vaults_network_square, nicolae_vaults_alarming,
          vaults_room_grid, hangedman_vaults_stream, ontoclasm_vaults_gateway,
          vaults_dpeg_spiral, vaults_dpeg_encased_lava,
          nicolae_vaults_circle_grid_a, layout_vaults_omnicross
Vaults:4: nicolae_vaults_diagonal_hallway_8, nicolae_vaults_back_hallway,
          door_vault, ontoclasm_vaults_eye, vaults_room_fancy_cross,
          grunt_vaults_bifocal, v_rooms_3, v_rooms_1, ontoclasm_vaults_twist,
          dpeg_vaults_monster_box, layout_vaults_omnibox, serial_shops,
          nicolae_shop_hallway_stairs, uniq_mennas, uniq_saint_roka,
          uniq_frederick, uniq_boris
Crypt:1:  layout_gridlike, st_stairs_3, nrook_guardian_serpent_ordinary
Crypt:2:  layout_basic, columned_hall_lemuel, grunt_megastairs_5
Crypt:3:  church_of_pain_bobbens, layout_chaotic_city,
          tomb_entry_sphere_bobbens, uniq_vv, uniq_josephina

Skill      XL: |  1  2  3  4  5  6  7  8  9 10 11 12 13 14 15 16 17 18 19 20 21 22 23 |
---------------+----------------------------------------------------------------------+-----
Spellcasting   | 4 5 7 8 9 10 11 12 13 14 | 14.3
Summonings     | 5 6 7 8 9 10 11 12 13 14 15 | 15.0
Hexes          | 2 3 5 |  5.0
Dodging        | 3 4 6 8 9 11 12 13 14 15 | 15.3
Fighting       | 2 4 6 8 10 11 12 14 15 | 15.0
Air Magic      | 2 4 5 7 11 13 15 16 | 16.0
Transmutations | 5 9 12 14 16 | 16.0
Translocations | 5 8 |  8.0
Unarmed Combat | 5 10 16 18 | 18.8
Stealth        | |  1.7

Action                   |  1- 3 |  4- 6 |  7- 9 | 10-12 | 13-15 | 16-18 | 19-21 | 22-24 || total
-------------------------+-------+-------+-------+-------+-------+-------+-------+-------++-------
Melee: Unarmed           |    23 |    14 |    47 |   102 |    49 |   310 |   824 |   579 ||  1948
       Punch             |     1 |       |     2 |       |     1 |     5 |    46 |    70 ||   125
       Tailslap          |       |     2 |     8 |    18 |    12 |     8 |     4 |     2 ||    54
       Spear             |       |       |       |       |       |       |     1 |    12 ||    13
 Cast: Summon Small Mamm |    69 |    45 |    32 |    51 |    69 |    14 |       |       ||   280
       Call Imp          |    11 |    19 |    24 |    32 |    38 |    10 |       |       ||   134
       Call Canine Famil |       |    14 |    40 |    70 |   100 |   116 |    26 |     1 ||   367
       Summon Guardian G |       |     1 |    12 |    61 |   104 |   104 |    24 |       ||   306
       Summon Lightning  |       |       |       |     3 |    22 |    58 |    12 |       ||    95
       Summon Mana Viper |       |       |       |       |   143 |   170 |   107 |    51 ||   471
       Summon Forest     |       |       |       |       |    20 |   107 |    50 |    26 ||   203
       Storm Form        |       |       |       |       |       |    71 |   144 |    72 ||   287
       Summon Cactus Gia |       |       |       |       |       |       |    74 |    33 ||   107
       Manifold Assault  |       |       |       |       |       |       |     7 |    41 ||    48
Invok: Call Merchant     |       |       |       |     1 |     3 |       |     4 |       ||     8
       Potion Petition   |       |       |       |       |       |       |     1 |       ||     1
 Abil: Blinkbolt         |       |       |       |       |       |       |    15 |    10 ||    25
Evoke: Wand              |       |       |       |     1 |       |       |       |       ||     1
  Use: Scroll            |       |     6 |     3 |    13 |    12 |     4 |     5 |     1 ||    44
       Potion            |       |     1 |     4 |     1 |     2 |     1 |     3 |     5 ||    17
 Stab: Distracted        |       |     1 |       |     2 |       |    14 |    15 |     6 ||    38
       Sleeping          |       |       |       |       |       |       |     1 |       ||     1
Armor: Robe              |    18 |     8 |    20 |       |       |       |       |       ||    46
       Leather armour    |       |       |     1 |    69 |    65 |    41 |     4 |     4 ||   184
       Skin              |       |       |       |       |       |   130 |   200 |    95 ||   425
Dodge: Dodged            |    62 |    45 |    51 |   173 |   255 |   776 |   967 |   447 ||  2776
Block: Other             |       |       |    12 |    53 |    75 |   146 |   190 |    80 ||   556
       Reflection        |       |       |       |       |     3 |    16 |    24 |     4 ||    47

Table legend: (Time is in decaauts)
 A = Elapsed time spent in this place.
 B = Non-inter-level travel time spent in this place.
 C = Inter-level travel time spent in this place.
 D = Time resting spent in this place.
 E = Time spent auto-exploring this place.
 F = Levels seen in this place.
 G = Mean time per level.
                   A        B        C        D        E       F      G
               +--------+--------+--------+--------+--------+-----+--------+
         Total |  92831 |  88856 |   3975 |  26418 |  41468 |  49 | 1894.5 |
       Dungeon |  22615 |  20556 |   2059 |   2998 |  12219 |  15 | 1507.7 |
        Temple |    213 |    190 |     23 |      0 |    175 |   1 |  213.0 |
          Lair |  10188 |   9482 |    706 |   2572 |   4840 |   5 | 2037.6 |
         Swamp |   8532 |   8299 |    233 |   2739 |   4000 |   4 | 2133.0 |
     Snake Pit |  12993 |  12823 |    170 |   5666 |   4670 |   4 | 3248.2 |
    Slime Pits |   5769 |   5655 |    114 |   2138 |   2276 |   5 | 1153.8 |
  Orcish Mines |   2557 |   2405 |    152 |    490 |   1195 |   2 | 1278.5 |
   Elven Halls |   9648 |   9471 |    177 |   3845 |   3588 |   3 | 3216.0 |
        Vaults |  14008 |  13687 |    321 |   4776 |   5635 |   4 | 3502.0 |
         Crypt |   3040 |   3023 |     17 |    642 |   1635 |   3 | 1013.3 |
       Ossuary |    769 |    769 |      0 |    232 |    197 |   1 |  769.0 |
      Ice Cave |   1866 |   1866 |      0 |    278 |    719 |   1 | 1866.0 |
       Volcano |    625 |    625 |      0 |     41 |    317 |   1 |  625.0 |
               +--------+--------+--------+--------+--------+-----+--------+

Top non-repeatable levels by time:
   Elf:2: 5045 daAuts
Vaults:4: 4315 daAuts
 Snake:2: 3865 daAuts
Vaults:3: 3695 daAuts
Vaults:1: 3505 daAuts
 Snake:1: 3372 daAuts
 Snake:3: 3242 daAuts
   Elf:3: 3044 daAuts
 Swamp:1: 2921 daAuts
  Lair:2: 2870 daAuts
 Snake:4: 2512 daAuts
Vaults:2: 2492 daAuts
 Swamp:3: 2417 daAuts
  Lair:5: 2194 daAuts
 Swamp:4: 2174 daAuts
